Map: New Gettysburg LE

Players

Kylle

  • Race: Terran Terran
  • League: Bronze

Gracz - Winner!

  • Race: Terran Terran
  • League: Silver

VOD

Have the link to the VOD?

Description

Time

  • Played on: Oct. 2, 2016, 5:28 a.m.
  • Length: 5:47
Show
View Real Time Build Order
Export as new Build Order

Kylle Terran 

Build Orders: Command Center First (CC) 

Get SALT Encoding   

  12  0:01  SCV  
  13  0:14  SCV  
  14  0:26  SCV  
  15  0:31  Supply Depot  
  15  0:43  Refinery  
  15  0:48  Engineering Bay  
  15  0:53  SCV  
  16  1:05  SCV  
  17  1:26  Command Center  
  17  1:30  SCV  
  18  1:42  SCV  
  19  1:54  SCV  
  20  2:06  SCV  
  21  2:18  Refinery, SCV  
  22  2:30  SCV  
  23  2:42  SCV  
  24  2:54  SCV  
  24  2:56  Barracks x2  
  25  2:59  SCV  
  26  3:06  SCV  
  26  3:11  SCV  
  28  3:23  SCV  
  29  3:36  SCV  
  30  3:53  Marine  
  30  3:55  SCV  
  30  3:56  Marine, Supply Depot x2  
  28  4:10  SCV  
  28  4:11  Marine  
  28  4:14  Marine  
  29  4:18  Supply Depot  
  29  4:22  SCV  
  30  4:28  Marine  
  30  4:32  Marine  
  30  4:34  SCV  
  30  4:46  Marine  
  30  4:47  SCV  
  30  4:50  Marine  
  33  4:53  SCV  
  33  4:59  SCV  
  35  5:04  Marine  
  35  5:05  SCV  
  37  5:07  Marine  
  37  5:09  Factory  
  37  5:12  SCV  
  39  5:17  SCV  
  39  5:22  Marine  
  39  5:24  SCV  
  39  5:25  Marine  
  42  5:29  SCV  
  42  5:33  Factory  
Show
View Real Time Build Order
Export as new Build Order

Gracz Terran - Winner!

Build Orders:  

Get SALT Encoding   

  12  0:01  SCV  
  13  0:14  SCV  
  14  0:22  Supply Depot  
  14  0:28  SCV  
  15  0:44  SCV  
  16  1:14  Barracks  
  16  1:16  Supply Depot  
  16  1:28  Barracks  
  16  1:43  SCV  
  16  1:44  Refinery  
  17  1:55  SCV  
  18  2:09  Orbital Command  
  18  2:11  Marine  
  19  2:19  Barracks  
  19  2:20  Marine  
  20  2:24  Refinery  
  20  2:51  Marine  
  20  2:57  SCV  
  22  3:08  Command Center  
  22  3:09  Marine  
  22  3:10  Factory, SCV  
  24  3:22  SCV  
  25  3:30  Barracks Reactor  
  25  4:03  Factory Tech Lab  
  24  4:33  Reaper x3  
  26  4:48  Siege Tank  
  28  5:01  Starport  
  28  5:05  Marine x3  
  31  5:09  Orbital Command  
  31  5:13  SCV  
  35  5:23  Marine  
  35  5:25  SCV  
Tags
 
Add a new tag
Caveats
  • Supply blocks, unpowered buildings, or Contaminate may cause inaccurate times.
  • Supply counts are checked every 10 seconds.